 Dungeon Crawl Stone Soup version 0.19-a0-994-g3c636f0 (webtiles) character file.

117 MrRokkomies the Charmwright (level 4, -1/35 HPs)
             Began as a Vampire Skald on July 15, 2016.
             Slain by an ogre
             ... wielding a +0 giant spiked club
              (14 damage)
             ... on level 3 of the Dungeon.
             The game lasted 00:04:06 (2116 turns).

MrRokkomies the Charmwright (Vampire Skald)         Turns: 2116, Time: 00:04:07

Health: -1/35      AC:  4    Str: 11    XL:     4   Next: 71%
Magic:  0/7        EV: 11    Int: 15    God:
Gold:   84         SH:  0    Dex: 13    Spells: 3 memorised, 2 levels left

rFire  . . .     SeeInvis +     a - +0 falchion
rCold  + . .     Gourm    .     b - +0 leather armour
rNeg   + + .     Faith    .     (no shield)
rPois  +         Spirit   .     f - +0 helmet
rElec  .         Dismiss  .     (no cloak)
rCorr  .         Reflect  .     (no gloves)
SustAt .         Harm     .     (no boots)
MR     .....                    (no amulet)
Stlth  +.........               (no ring)
                                (no ring)

@: shrouded (expiring), infused, regenerating slowly, not resistant to hostile
enchantments, very unstealthy
A: fangs 3, see invisible, unbreathing
a: Bat Form


You were on level 3 of the Dungeon.
You were very thirsty.

You visited 1 branch of the dungeon, and saw 3 of its levels.

You collected 84 gold pieces.

Inventory:

Hand Weapons
 a - a +0 falchion (weapon)
Missiles
 k - 8 tomahawks (quivered)
Armour
 b - a +0 leather armour (worn)
 f - a +0 helmet (worn)
Scrolls
 e - 2 scrolls of remove curse
Potions
 d - a potion of blood
 h - a potion of might
 i - a potion of haste
 l - 2 potions of flight
Books
 c - a book of Battle

   Spells                             Type                      Level
   a - Infusion                       Charms                       1
   b - Shroud of Golubria             Charms/Translocation         2
   c - Song of Slaying                Charms                       2
   d - Spectral Weapon                Hexes/Charms                 3
   e - Regeneration                   Charms/Necromancy            3


   Skills:
 * Level 3.3 Fighting
 * Level 3.1 Long Blades
 - Level 0.7 Armour
 - Level 1.1 Dodging
 - Level 2.0 Spellcasting
 + Level 4.1 Charms


You had 2 spell levels left.
You knew the following spells:

 Your Spells              Type           Power        Failure   Level  Hunger
a - Infusion              Chrm           ##..         6%          1    #......
b - Shroud of Golubria    Chrm/Tloc      #.........   21%         2    ###....
c - Song of Slaying       Chrm           ##......     10%         2    ###....


Dungeon Overview and Level Annotations

Branches:
Dungeon (3/15)

Altars:
Vehumet

Annotations:
D:2 Sigmund


Innate Abilities, Weirdness & Mutations

You heal slowly.
You have razor-sharp teeth.
You have supernaturally acute eyesight. (SInv)
You can survive without breathing.


Message History

You begin infusing your attacks with magical energy.
The ogre barely misses you.
You riposte.
You hit the ogre.
The ogre is lightly wounded.
You hit the ogre.
The ogre is moderately wounded.
Your shroud bends the ogre's attack away!
You hit the ogre! You bite the ogre.
You draw the ogre's blood!
You feel better.
You feel slightly less thirsty.
The ogre is severely wounded.
Your shroud begins to fray at the edges.
The ogre closely misses you.
You barely miss the ogre.
The ogre is severely wounded.
You hit the ogre.
The ogre is severely wounded.
The ogre hits you with a giant spiked club!
You hit the ogre but do no damage.
The ogre is severely wounded.
The ogre hits you with a giant spiked club!
You die...

.
#####..#####...###
..## ##.....##
###...#### .....
##..##### ###....#
#.#.##..## ####<.
#...O#.### ###
#......#
#>#†.#.##### #.
##....†..## #
###..O@..#
######...... ...##
..# ... .. .


You could see an ogre.

Vanquished Creatures
  Natasha (D:2)
  2 adders (D:2)
  3 oozes (D:1)
  2 worms (D:2)
  3 dart slugs
  A giant gecko (D:1)
  5 giant cockroaches
  5 goblins
  7 hobgoblins
  7 kobolds
  A quokka (D:2)
  3 bats (D:1)
  3 giant newts (D:1)
  6 rats
49 creatures vanquished.

Notes
Turn   | Place    | Note
-------+----------+-------------------------------------------
     0 | D:1      | MrRokkomies the Vampire Skald began the quest for the Orb.
     0 | D:1      | Reached XP level 1. HP: 16/16 MP: 3/3
    46 | D:1      | Reached XP level 2. HP: 18/22 MP: 5/5
    50 | D:1      | Learned a level 2 spell: Shroud of Golubria
    53 | D:1      | Learned a level 2 spell: Song of Slaying
   379 | D:1      | Reached XP level 3. HP: 9/28 MP: 3/6
  1468 | D:2      | Reached XP level 4. HP: 35/35 MP: 0/7
  1716 | D:2      | Noticed Natasha
  1764 | D:2      | Killed Natasha
  1764 | D:2      | Reached skill level 4 in Charms
  1972 | D:2      | Found a radiant altar of Vehumet.
  2061 | D:2      | Noticed Sigmund
  2099 | D:3      | Noticed an ogre
  2116 | D:3      | Slain by an ogre

Vault maps used:
D:1:      erik_arrival_gehennom, moated_statue, minmay_pentomino_o4
D:2:      lemuel_doored_altar, minivault_23, uniq_crazy_yiuf_cottage,
          uniq_natasha, uniq_sigmund
D:3:      grunt_temple_overflow_open

Skill      XL: |  1  2  3  4 |
---------------+-------------+-----
Fighting       | 2 3 |  3.3
Long Blades    | 3 |  3.1
Charms         | 4 |  4.1
Armour         | |  0.7
Dodging        | |  1.1
Spellcasting   | |  2.0

Action                   |  1- 3 |  4- 6 || total
-------------------------+-------+-------++-------
Melee: Falchion          |   139 |    56 ||   195
       Bite              |     8 |     6 ||    14
 Cast: Shroud of Golubri |     3 |     1 ||     4
       Infusion          |     2 |     1 ||     3
 Abil: End Transformatio |     2 |       ||     2
       Bat Form          |     2 |       ||     2
  Use: Scroll            |     5 |     1 ||     6
 Stab: Distracted        |     1 |       ||     1
  Eat: Corpse            |     1 |     1 ||     2
Armor: Leather armour    |    26 |     8 ||    34
Dodge: Dodged            |    73 |    27 ||   100
